[Event "2026 Biel Blitz Open"]
[Site "Biel, CH"]
[Date "2026.07.19"]
[Round "8"]
[White "Hakimifard, Ghazal"]
[Black "Osmani, Xhevdet"]
[Result "1-0"]
[Board "21"]
[TimeControl "180+2"]
[WhiteFideId "12506540"]
[BlackFideId "22104569"]
[WhiteElo "2130"]
[BlackElo "1959"]
[WhiteTitle "WGM"]
[WhiteClock "0:01:18"]
[BlackClock "0:00:08"]
[Variant "Standard"]
[EndDate "2026.07.19"]
[EndTime "14:20:59"]

1. e4 c6 2. d4 d5 3. Nd2 dxe4 4. Nxe4 e6 5. Nf3 Be7 6. c3 Nf6 7. Bd3 b6 8. Qe2 Bb7 9. Ng3 O-O 10. O-O Nbd7 11. Bg5 Rc8 12. Rad1 Re8 13. Ne5 Qc7 14. Rfe1 Nxe5 15. dxe5 Nd5 16. Qh5 g6 17. Qh6 Bxg5 18. Qxg5 Qe7 19. Qh6 f6 20. h4 f5 21. a3 Qg7 22. Qg5 h6 23. Qc1 Rcd8 24. c4 Ne7 25. Qf4 c5 26. Bc2 Nc6 27. Ba4 Kh7 28. b4 Rxd1 29. Rxd1 Rd8 30. Rd6 Rxd6 31. exd6 e5 32. Qd2 Nd4 33. bxc5 bxc5 34. Qa5 f4 35. Nf1 Ne6 36. Qxa7 Nd8 37. Qb6 Qf6 38. Qc7+ Kh8 39. Qe7 Qg7 40. Qxd8+ 1-0

[Event "2026 Biel Blitz Open"]
[Site "Biel, CH"]
[Date "2026.07.19"]
[Round "8"]
[White "Jehnichen, Kai"]
[Black "Omar, Noaman"]
[Result "0-1"]
[Board "23"]
[TimeControl "180+2"]
[WhiteFideId "24684333"]
[BlackFideId "9300244"]
[WhiteElo "1952"]
[BlackElo "2274"]
[BlackTitle "IM"]
[WhiteClock "0:00:08"]
[BlackClock "0:00:30"]
[Variant "Standard"]
[EndDate "2026.07.19"]
[EndTime "14:17:50"]

1. e4 c6 2. Nc3 d5 3. Nf3 Bg4 4. h3 Bh5 5. Be2 e6 6. O-O Nf6 7. exd5 cxd5 8. Re1 Nc6 9. Bb5 Bd6 10. g4 Bg6 11. Ne5 O-O 12. Nxg6 hxg6 13. d4 Qb6 14. g5 Nh5 15. Be2 Nf4 16. Be3 Nxh3+ 17. Kf1 Nf4 18. Nb5 Bb8 19. Bg4 Qxb5+ 20. Kg1 Qb4 21. Qf3 e5 22. c3 Qxb2 23. Rac1 exd4 24. Bxf4 Bxf4 25. Qxf4 dxc3 26. Kg2 Rfe8 27. Re4 Rxe4 28. Qg3 Ne5 29. Bc8 Rxc8 30. Rh1 Rg4 0-1

[Event "2026 Biel Blitz Open"]
[Site "Biel, CH"]
[Date "2026.07.19"]
[Round "8"]
[White "Gluckman, David"]
[Black "Garcia, Miguel"]
[Result "1-0"]
[Board "24"]
[TimeControl "180+2"]
[WhiteFideId "14300010"]
[BlackFideId "1317431"]
[WhiteElo "2240"]
[BlackElo "1938"]
[WhiteTitle "IM"]
[WhiteClock "0:00:40"]
[BlackClock "0:01:17"]
[Variant "Standard"]
[EndDate "2026.07.19"]
[EndTime "14:24:46"]

1. Nf3 Nf6 2. c4 g6 3. g3 Bg7 4. Bg2 O-O 5. O-O d6 6. d4 c6 7. Nc3 Qc7 8. h3 Nbd7 9. e4 e5 10. Re1 Re8 11. Rb1 a6 12. Be3 Nf8 13. c5 exd4 14. cxd6 Qxd6 15. e5 Qc7 16. exf6 dxe3 17. fxg7 exf2+ 18. Kxf2 Kxg7 19. Rxe8 Ne6 20. Qe2 Qd7 21. Qe5+ f6 22. Qxe6 Qxe6 23. Rxe6 Bxe6 24. Re1 Kf7 25. Nd4 Bc4 26. b3 Rd8 27. Nxc6 Rd2+ 28. Kg1 Bd3 29. Nd8+ Kf8 30. Nxb7 f5 31. Nd5 Rxa2 32. Nc5 Bb5 33. Ne6+ Kf7 34. Ng5+ Kg7 35. Re7+ Kh6 36. h4 Kh5 37. Bf3+ 1-0

[Event "2026 Biel Blitz Open"]
[Site "Biel, CH"]
[Date "2026.07.19"]
[Round "8"]
[White "Alexakis, Dimitrios"]
[Black "Liu, Bei"]
[Result "0-1"]
[Board "25"]
[TimeControl "180+2"]
[WhiteFideId "4200527"]
[BlackFideId "8603596"]
[WhiteElo "1895"]
[BlackElo "2170"]
[WhiteClock "0:00:03"]
[BlackClock "0:00:33"]
[Variant "Standard"]
[EndDate "2026.07.19"]
[EndTime "14:23:23"]

1. e4 c5 2. Nf3 d6 3. d4 cxd4 4. Nxd4 Nf6 5. Nc3 a6 6. Bg5 Nbd7 7. Qd2 e6 8. f4 h6 9. Bh4 Nxe4 10. Nxe4 Qxh4+ 11. g3 Qd8 12. O-O-O d5 13. Nc3 Bb4 14. a3 Ba5 15. Qe3 O-O 16. g4 Nf6 17. Bg2 Nxg4 18. Qg3 Bxc3 19. bxc3 Nf6 20. Rhg1 Kh8 21. Bf3 Rg8 22. Rde1 Bd7 23. Bh1 Rc8 24. Re3 Qc7 25. Nf3 Nh5 26. Qg4 Qxf4 27. Qxf4 Nxf4 28. Ne5 Be8 29. Rf1 g5 30. h4 f6 31. Nd3 Bb5 32. hxg5 hxg5 33. Nxf4 Bxf1 0-1

[Event "2026 Biel Blitz Open"]
[Site "Biel, CH"]
[Date "2026.07.19"]
[Round "8"]
[White "Kelecevic, Nedeljko"]
[Black "Havolli, Daut"]
[Result "0-1"]
[Board "26"]
[TimeControl "180+2"]
[WhiteFideId "14400537"]
[BlackFideId "1315200"]
[WhiteElo "2150"]
[BlackElo "1950"]
[WhiteTitle "IM"]
[WhiteClock "0:03:02"]
[BlackClock "0:00:32"]
[Variant "Standard"]
[EndDate "2026.07.19"]
[EndTime "14:23:27"]

1. d4 c6 2. c4 d5 3. Nf3 dxc4 4. a4 e6 5. e4 Bb4+ 6. Bd2 Qa5 7. Bxc4 Nf6 8. Nc3 O-O 9. O-O Nbd7 10. e5 Nd5 11. Nxd5 cxd5 12. Bd3 f5 13. exf6 Nxf6 14. Bf4 Ne4 15. Be5 Nf6 16. Qe2 Qd8 17. Ng5 h6 18. Bxf6 Rxf6 19. Nf3 Bd6 20. Rac1 Bd7 21. Bb1 Rc8 22. Ne5 Bxe5 23. dxe5 Rf8 24. Qd3 Qg5 25. Rxc8 Rxc8 26. Qh7+ Kf7 27. f4 Qh5 28. f5 Qg5 29. fxe6+ Kxe6 30. Qd3 Rc1 31. h3 Rxf1+ 32. Qxf1 Qxe5 33. Bd3 Bc6 34. b4 g5 35. Qd1 d4 36. Kh1 Qg3 0-1

[Event "2026 Biel Blitz Open"]
[Site "Biel, CH"]
[Date "2026.07.19"]
[Round "8"]
[White "Gireada, Daniel"]
[Black "Lupei, Denis"]
[Result "1-0"]
[Board "27"]
[TimeControl "180+2"]
[WhiteFideId "1206451"]
[BlackFideId "34611231"]
[WhiteElo "2148"]
[BlackElo "1890"]
[WhiteClock "0:01:29"]
[BlackClock "0:01:21"]
[Variant "Standard"]
[EndDate "2026.07.19"]
[EndTime "14:18:20"]

1. d4 Nf6 2. c4 e6 3. Nf3 b6 4. d5 Bb7 5. Nc3 Be7 6. e4 O-O 7. e5 Ne8 8. a3 a5 9. Bd3 Na6 10. O-O Nc5 11. Bc2 d6 12. Be3 dxe5 13. Nxe5 exd5 14. Nxd5 Bd6 15. Bf4 Nf6 16. Re1 Nxd5 17. cxd5 f6 18. Qh5 h6 19. Bxh6 fxe5 20. Bxg7 Kxg7 21. Qg6+ 1-0

[Event "2026 Biel Blitz Open"]
[Site "Biel, CH"]
[Date "2026.07.19"]
[Round "8"]
[White "Ragavan, Samarth Rajesh"]
[Black "Leuthold, Cyrill"]
[Result "1-0"]
[Board "28"]
[TimeControl "180+2"]
[WhiteFideId "39918106"]
[BlackFideId "1333011"]
[WhiteElo "2101"]
[BlackElo "1887"]
[WhiteClock "0:02:28"]
[BlackClock "0:00:05"]
[Variant "Standard"]
[EndDate "2026.07.19"]
[EndTime "14:18:23"]

1. d4 e6 2. c4 b6 3. Nf3 Bb7 4. g3 Bb4+ 5. Bd2 Bxf3 6. exf3 Bxd2+ 7. Nxd2 Ne7 8. Bg2 Nbc6 9. Nb3 d5 10. cxd5 Nxd5 11. O-O O-O 12. Rc1 Nce7 13. f4 Qd7 14. Qc2 Rac8 15. Rfd1 c6 16. a3 Rfd8 17. Nd2 c5 18. dxc5 Rxc5 19. Qd3 Rdc8 20. Rxc5 Rxc5 21. Ne4 Rc7 22. Nc3 Rc5 23. b4 Rc8 24. Nxd5 Nxd5 25. Bxd5 exd5 26. Qxd5 Qc6 1-0

[Event "2026 Biel Blitz Open"]
[Site "Biel, CH"]
[Date "2026.07.19"]
[Round "8"]
[White "King, Alexander"]
[Black "Langner, Robin"]
[Result "1-0"]
[Board "29"]
[TimeControl "180+2"]
[WhiteFideId "1352334"]
[BlackFideId "34606190"]
[WhiteElo "1854"]
[BlackElo "2059"]
[WhiteClock "0:00:09"]
[BlackClock "0:01:15"]
[Variant "Standard"]
[EndDate "2026.07.19"]
[EndTime "14:23:06"]

1. d4 Nf6 2. c4 g6 3. Nc3 d5 4. cxd5 Nxd5 5. e4 Nxc3 6. bxc3 Bg7 7. Bc4 c5 8. Ne2 Nc6 9. Be3 O-O 10. O-O b6 11. Bd5 Bb7 12. Bxc6 Bxc6 13. f3 e6 14. dxc5 Qc7 15. cxb6 axb6 16. Qb3 Ra6 17. Bd4 e5 18. Be3 Rfa8 19. Rfb1 b5 20. c4 Ra3 21. Qc2 Rxe3 22. cxb5 Qa7 23. Qxc6 Rxe2+ 24. b6 Qa3 25. b7 Qe3+ 26. Kh1 Rb8 27. Qc8+ Bf8 28. Qxb8 Qf2 29. Rg1 Kg7 30. Qxf8+ Kxf8 31. b8=Q+ Kg7 32. Qxe5+ Kh6 33. Qg3 Qe3 34. Qh4+ Kg7 35. Rae1 Rxe1 36. Qxe1 Qa3 37. Qa1+ f6 38. Rd1 Qa4 39. h3 h5 40. Qd4 Qxa2 41. Qd7+ Kh6 42. Qd2+ 1-0

[Event "2026 Biel Blitz Open"]
[Site "Biel, CH"]
[Date "2026.07.19"]
[Round "8"]
[White "Stefan, Iulia-Cristiana"]
[Black "Coban, Ege"]
[Result "0-1"]
[Board "30"]
[TimeControl "180+2"]
[WhiteFideId "1273876"]
[BlackFideId "26320304"]
[WhiteElo "2050"]
[BlackElo "1936"]
[WhiteTitle "WFM"]
[WhiteClock "0:00:04"]
[BlackClock "0:00:41"]
[Variant "Standard"]
[EndDate "2026.07.19"]
[EndTime "14:26:44"]

1. d4 Nf6 2. Nf3 c5 3. c4 g6 4. g3 cxd4 5. Nxd4 Bg7 6. Bg2 O-O 7. Nc3 Nc6 8. O-O Nxd4 9. Qxd4 d6 10. Qd3 Bf5 11. e4 Bg4 12. h3 Be6 13. b3 Qa5 14. Bd2 Rfc8 15. Nd5 Qd8 16. Rac1 Qd7 17. Kh2 Rab8 18. f4 b5 19. Nxf6+ Bxf6 20. f5 bxc4 21. bxc4 Rb2 22. fxe6 Qxe6 23. a3 Rcb8 24. Bb4 Be5 25. Rc2 Rxc2 26. Qxc2 a5 27. Bxa5 Rb2 28. Qd3 h5 29. Bc3 Rb3 30. Rc1 h4 31. Qd2 Bxg3+ 32. Kh1 Qxc4 33. Be5 Qe6 34. Bxg3 hxg3 35. Qh6 Rxa3 36. Rb1 Ra8 37. Qf4 Qe5 38. Qxe5 dxe5 39. Rb5 f6 40. Rb7 Kf7 41. Rb1 Ra2 42. Kg1 Kg7 43. Kf1 Rf2+ 44. Kg1 f5 45. Rb5 Kf6 46. Rb6+ e6 47. Rb3 f4 48. h4 Ra2 49. Rb1 Ra7 50. Bf3 Rh7 51. Kg2 Rxh4 52. Rh1 Kg5 53. Rh3 Rh6 54. Rxh6 Kxh6 55. Kh3 Kg5 56. Bg2 Kh6 57. Kg4 g5 58. Bf3 Kg6 59. Bg2 Kh6 60. Bf1 Kg6 61. Bh3 Kf6 62. Kf3 Ke7 63. Kg4 Kf6 64. Bg2 Kg6 65. Bh3 Kf7 66. Kf3 Ke7 67. Bg4 Kd6 68. Bh3 Kc5 69. Bxe6 Kd4 70. Bh3 Kd3 71. Bf1+ Kd2 72. Bh3 Kd3 73. Bg2 Kd4 74. Bh3 Kd3 75. Bf1+ Kd2 76. Bh3 Ke1 77. Bg2 g4+ 78. Kxg4 Kf2 79. Bh3 g2 80. Kf5 g1=Q 0-1

[Event "2026 Biel Blitz Open"]
[Site "Biel, CH"]
[Date "2026.07.19"]
[Round "8"]
[White "Hajduk, Tomasz"]
[Black "Xu, Chang(CQ)"]
[Result "0-1"]
[Board "31"]
[TimeControl "180+2"]
[WhiteFideId "21811415"]
[BlackFideId "8641757"]
[WhiteElo "1791"]
[BlackElo "2049"]
[WhiteClock "0:00:15"]
[BlackClock "0:00:12"]
[Variant "Standard"]
[EndDate "2026.07.19"]
[EndTime "14:26:20"]

1. e4 c5 2. Nf3 d6 3. d4 cxd4 4. Nxd4 Nf6 5. Nc3 a6 6. Bg5 e6 7. f4 Qb6 8. Bxf6 gxf6 9. Qd2 Qxb2 10. Rb1 Qa3 11. f5 e5 12. Nf3 Nd7 13. Nd5 Qc5 14. Rb3 b5 15. Rc3 Qa7 16. Nc7+ Kd8 17. Nxa8 Qxa8 18. a4 Qxe4+ 19. Be2 b4 20. Rc4 Qa8 21. Qxb4 d5 22. Qa5+ Ke8 23. Rc3 Bd6 24. O-O Ke7 25. Re1 Rg8 26. Bf1 Qa7+ 27. Kh1 Qf2 28. Rce3 Bc5 29. R3e2 Bb6 30. Qxd5 Qc5 31. Qxc5+ Nxc5 32. Rd1 Bxf5 33. Red2 Be6 34. Rd6 Ba7 35. Bxa6 Ne4 36. R6d2 Nxd2 37. Rxd2 Rb8 38. h3 Rb1+ 39. Kh2 Be3 40. Rd3 Ba7 41. Rc3 Kf8 42. Rc7 Bf2 43. Bb5 e4 44. Nd2 Re1 45. a5 e3 46. Nf3 Ra1 47. a6 Bf5 48. c4 e2 49. c5 e1=Q 50. Nxe1 Bxe1 51. a7 Kg7 52. Rb7 Bc3 53. Bc4 Be5+ 54. g3 Be4 55. Rxf7+ Kg6 0-1

[Event "2026 Biel Blitz Open"]
[Site "Biel, CH"]
[Date "2026.07.19"]
[Round "8"]
[White "Baury, Noe"]
[Black "Bajraktari, Perparim"]
[Result "0-1"]
[Board "32"]
[TimeControl "180+2"]
[WhiteFideId "651086867"]
[BlackFideId "1307711"]
[WhiteElo "1886"]
[BlackElo "2045"]
[WhiteClock "0:00:03"]
[BlackClock "0:00:43"]
[Variant "Standard"]
[EndDate "2026.07.19"]
[EndTime "14:26:29"]

1. e4 d6 2. d4 g6 3. Nc3 Bg7 4. Be3 Nd7 5. Qd2 Ngf6 6. f3 c6 7. a4 O-O 8. g4 a6 9. Bh6 e5 10. Nge2 Rb8 11. h4 exd4 12. Nxd4 Ne5 13. Bg2 c5 14. Nde2 b5 15. h5 Nc4 16. Qc1 b4 17. Nd1 d5 18. hxg6 fxg6 19. Bxg7 Kxg7 20. Qh6+ Kg8 21. g5 Nh5 22. Ng3 dxe4 23. Nxh5 Qd2+ 24. Kf1 gxh5 25. Rxh5 Bf5 26. g6 Qxh6 27. Rxh6 Bxg6 28. Rh3 exf3 29. Bxf3 Nd2+ 30. Kf2 Nxf3 31. Rxf3 Rxf3+ 32. Kxf3 Bxc2 33. Ne3 Rf8+ 34. Ke2 Be4 35. Rc1 Rc8 36. Nc4 Rd8 37. Ne3 Rc8 38. Nc4 Rc6 39. Ke3 Bg6 40. Kf4 Kg7 41. Ke5 h5 42. Kd5 Rc8 43. Nd6 Rc7 44. Rxc5 Rxc5+ 45. Kxc5 h4 46. Nc4 h3 0-1

[Event "2026 Biel Blitz Open"]
[Site "Biel, CH"]
[Date "2026.07.19"]
[Round "8"]
[White "Nguyen Thi Mai Hung"]
[Black "Damen, Josephine"]
[Result "1-0"]
[Board "33"]
[TimeControl "180+2"]
[WhiteFideId "12401676"]
[BlackFideId "1074369"]
[WhiteElo "2039"]
[BlackElo "1766"]
[WhiteTitle "WGM"]
[BlackTitle "WCM"]
[WhiteClock "0:01:20"]
[BlackClock "0:00:06"]
[Variant "Standard"]
[EndDate "2026.07.19"]
[EndTime "14:16:25"]

1. d4 Nf6 2. Nf3 g6 3. g3 Bg7 4. Bg2 d6 5. O-O O-O 6. a4 Nbd7 7. a5 a6 8. Nc3 e5 9. dxe5 dxe5 10. h3 Qe7 11. e4 Rd8 12. Qe2 Nc5 13. b3 Bd7 14. Ba3 Bf8 15. Rfd1 Qe8 16. Nd5 Nxd5 17. exd5 f6 18. Nd2 Bf5 19. Nc4 Qd7 20. Kh2 Qe8 21. Rd2 Bd6 22. Qe3 Bd7 23. Bxc5 Bxc5 24. Qxc5 1-0

[Event "2026 Biel Blitz Open"]
[Site "Biel, CH"]
[Date "2026.07.19"]
[Round "8"]
[White "Python, Noe"]
[Black "Bujes, Aurelien"]
[Result "1-0"]
[Board "34"]
[TimeControl "180+2"]
[WhiteFideId "1337637"]
[BlackFideId "1347179"]
[WhiteElo "2010"]
[BlackElo "1741"]
[WhiteClock "0:00:36"]
[BlackClock "0:01:27"]
[Variant "Standard"]
[EndDate "2026.07.19"]
[EndTime "14:25:04"]

1. e4 d5 2. exd5 Qxd5 3. Nc3 Qa5 4. d4 c6 5. Nf3 Bg4 6. h3 Bh5 7. g4 Bg6 8. Ne5 Nf6 9. Bd2 Qc7 10. Bf4 Qa5 11. Qd2 Nbd7 12. Nxd7 Nxd7 13. Bg2 e6 14. a3 Bb4 15. O-O Bxc3 16. Qxc3 Qxc3 17. bxc3 Nb6 18. Ra2 h6 19. Rb1 O-O 20. a4 Rfe8 21. a5 Nd5 22. Bxd5 exd5 23. Be3 Re7 24. Kf1 a6 25. Ke2 Rb8 26. Kd2 f5 27. g5 hxg5 28. Bxg5 Re4 29. f3 Re6 30. Re1 Kf7 31. Rxe6 Kxe6 32. Rb2 Bh5 33. Ke3 Kd6 34. Bf4+ 1-0

[Event "2026 Biel Blitz Open"]
[Site "Biel, CH"]
[Date "2026.07.19"]
[Round "8"]
[White "Dietiker, Manuel"]
[Black "Huang,Hsuan-Chen"]
[Result "1-0"]
[Board "35"]
[TimeControl "180+2"]
[WhiteFideId "1317377"]
[BlackFideId "16303121"]
[WhiteElo "2002"]
[BlackElo "1833"]
[WhiteClock "0:01:46"]
[BlackClock "0:01:31"]
[Variant "Standard"]
[EndDate "2026.07.19"]
[EndTime "14:24:59"]

1. e4 c6 2. d4 d5 3. Nd2 dxe4 4. Nxe4 Nf6 5. Nxf6+ exf6 6. Nf3 Bd6 7. Bd3 Nd7 8. O-O O-O 9. Re1 Re8 10. Rxe8+ Qxe8 11. c3 Nf8 12. Qc2 Be6 13. Bd2 Qd7 14. Re1 Ng6 15. c4 Rd8 16. b3 Bb8 17. Bxg6 hxg6 18. Bc3 Bg4 19. Qe4 Bf5 20. Qe7 Qc8 21. Nh4 Be6 22. Nxg6 Bd6 23. Qxd6 Rxd6 24. Ne7+ Kf8 25. Nxc8 c5 26. Nxd6 1-0

[Event "2026 Biel Blitz Open"]
[Site "Biel, CH"]
[Date "2026.07.19"]
[Round "8"]
[White "Chu, Wa Ching David"]
[Black "Kwiatkowski, Maciej"]
[Result "0-1"]
[Board "36"]
[TimeControl "180+2"]
[WhiteFideId "6013180"]
[BlackFideId "1360175"]
[WhiteElo "1673"]
[BlackElo "1967"]
[WhiteClock "0:00:01"]
[BlackClock "0:00:23"]
[Variant "Standard"]
[EndDate "2026.07.19"]
[EndTime "14:25:38"]

1. d4 Nf6 2. Bg5 e6 3. Nd2 Be7 4. e4 d6 5. h4 c5 6. c3 Nc6 7. Ngf3 a6 8. a3 b5 9. Bd3 cxd4 10. cxd4 h6 11. Bf4 Qb6 12. Nb3 Bb7 13. O-O O-O 14. Rc1 Rac8 15. Qe2 Na5 16. Nxa5 Qxa5 17. Bd2 Qd8 18. Rxc8 Bxc8 19. Rc1 Bb7 20. e5 dxe5 21. dxe5 Ng4 22. Be4 Bd5 23. Bxd5 Qxd5 24. Bf4 Rd8 25. g3 Bc5 26. Be3 Bxe3 27. fxe3 Nxe5 28. Nxe5 Qxe5 29. Kg2 Qe4+ 30. Kf2 Rd5 31. Rd1 Rf5+ 32. Kg1 Rf3 33. Rd8+ Kh7 34. Kh2 Rxe3 35. Qd1 Re2+ 36. Kg1 Qg2# 0-1

[Event "2026 Biel Blitz Open"]
[Site "Biel, CH"]
[Date "2026.07.19"]
[Round "8"]
[White "Floure, Alexan"]
[Black "Gireada, Lucas"]
[Result "1-0"]
[Board "37"]
[TimeControl "180+2"]
[WhiteFideId "1346610"]
[BlackFideId "1373544"]
[WhiteElo "1960"]
[BlackElo "1651"]
[WhiteClock "0:02:32"]
[BlackClock "0:02:38"]
[Variant "Standard"]
[EndDate "2026.07.19"]
[EndTime "14:24:34"]

1. d4 Nf6 2. c4 e6 3. Nc3 d5 4. Nf3 c5 5. e3 Nc6 6. cxd5 Nxd5 7. Bb5 Be7 8. dxc5 Bxc5 9. Nxd5 exd5 10. O-O O-O 11. Bd2 1-0

[Event "2026 Biel Blitz Open"]
[Site "Biel, CH"]
[Date "2026.07.19"]
[Round "8"]
[White "Kutonov, Yehor"]
[Black "Tkhoruk, Roman"]
[Result "0-1"]
[Board "38"]
[TimeControl "180+2"]
[WhiteFideId "1364804"]
[BlackFideId "34161589"]
[WhiteElo "1805"]
[BlackElo "2055"]
[WhiteClock "0:01:46"]
[BlackClock "0:01:45"]
[Variant "Standard"]
[EndDate "2026.07.19"]
[EndTime "14:24:15"]

1. d4 Nf6 2. c4 e6 3. Nf3 Bb4+ 4. Nc3 O-O 5. e3 Bxc3+ 6. bxc3 d5 7. Bd3 c6 8. O-O Nbd7 9. Re1 Ne4 10. Qc2 f5 11. Nd2 Ndf6 12. f3 Nxd2 13. Bxd2 b6 14. cxd5 cxd5 15. c4 g6 16. e4 dxe4 17. fxe4 fxe4 18. Bxe4 Qxd4+ 19. Kh1 Nxe4 20. Rxe4 Qxa1+ 0-1

[Event "2026 Biel Blitz Open"]
[Site "Biel, CH"]
[Date "2026.07.19"]
[Round "8"]
[White "Jelicic, Hugo"]
[Black "Marinkovic, Zoran"]
[Result "1/2-1/2"]
[Board "39"]
[TimeControl "180+2"]
[WhiteFideId "1349040"]
[BlackFideId "1346083"]
[WhiteElo "1804"]
[BlackElo "2037"]
[WhiteClock "0:00:17"]
[BlackClock "0:00:59"]
[Variant "Standard"]
[EndDate "2026.07.19"]
[EndTime "14:23:56"]

1. d4 Nf6 2. Bf4 g6 3. c4 Bg7 4. Nc3 d6 5. h3 O-O 6. e3 Nbd7 7. Nf3 Re8 8. Be2 c5 9. d5 Nh5 10. Bh2 h6 11. Qc2 Nhf6 12. O-O a6 13. a3 Rb8 14. Rab1 b5 15. b4 bxc4 16. Bxc4 cxb4 17. Rxb4 Rxb4 18. axb4 Qc7 19. Qb3 Nb6 20. Be2 Bb7 21. e4 Nfd7 22. Rc1 Qb8 23. Nd2 Ne5 24. Na4 Nxa4 25. Qxa4 Rc8 26. Rxc8+ Qxc8 27. Bxe5 Bxe5 28. Nc4 Bd4 29. Bg4 Qb8 30. Na5 Bc3 31. Bd7 Ba8 32. Nc6 Bxc6 33. Qxc6 Qxb4 34. Qc8+ Kg7 35. Qxa6 Qb1+ 36. Qf1 Qxe4 37. Bc6 Bd4 38. g3 e6 39. Qg2 exd5 40. Qxe4 dxe4 41. Bxe4 f5 42. Bd5 Kf6 1/2-1/2

[Event "2026 Biel Blitz Open"]
[Site "Biel, CH"]
[Date "2026.07.19"]
[Round "8"]
[White "Jud, Marc"]
[Black "Trubini, Timon"]
[Result "0-1"]
[Board "40"]
[TimeControl "180+2"]
[WhiteFideId "1309099"]
[BlackFideId "1347799"]
[WhiteElo "1946"]
[BlackElo "1788"]
[WhiteClock "0:00:36"]
[BlackClock "0:00:32"]
[Variant "Standard"]
[EndDate "2026.07.19"]
[EndTime "14:26:05"]

1. d4 Nf6 2. Nf3 g6 3. c4 Bg7 4. g3 O-O 5. Bg2 d6 6. O-O c5 7. d5 e6 8. dxe6 Bxe6 9. Qc2 Nc6 10. a3 Nd4 11. Nxd4 cxd4 12. Rd1 Rc8 13. Nd2 d5 14. b3 dxc4 15. bxc4 b5 16. c5 Nd7 17. Bb2 Rxc5 18. Qd3 Bc4 19. Qf3 Re8 20. Nxc4 Rxc4 21. Qd5 Nc5 22. Rac1 Rxc1 23. Rxc1 Qxd5 24. Bxd5 Rxe2 25. Rxc5 Rxb2 26. Rc7 d3 27. Bf3 Bd4 28. Rd7 Rxf2 29. Rxd4 Rxf3 30. Kg2 Re3 31. Kf1 d2 32. Rxd2 Rxa3 33. Rb2 a6 34. Rc2 Kg7 35. Ke2 a5 36. Rc5 b4 37. Kd1 Ra2 38. Rb5 Rxh2 39. Rxa5 Rg2 40. Rb5 Rxg3 41. Rxb4 Rf3 42. Ke2 Rf5 43. Ke3 Rf6 44. Rb1 h5 45. Rg1 Kh6 46. Ke4 g5 47. Ke5 Kg6 48. Rh1 h4 49. Rg1 Rf5+ 50. Ke4 f6 51. Ke3 Rf4 52. Rg2 f5 53. Rh2 Rg4 54. Kf3 Rg3+ 55. Kf2 Kh5 56. Rh1 g4 57. Re1 Rf3+ 58. Kg2 h3+ 59. Kh2 Kh4 0-1

[Event "2026 Biel Blitz Open"]
[Site "Biel, CH"]
[Date "2026.07.19"]
[Round "8"]
[White "Delesenne, Arthur"]
[Black "Dai, Wenzhi"]
[Result "0-1"]
[Board "41"]
[TimeControl "180+2"]
[WhiteFideId "276979"]
[BlackFideId "8608369"]
[WhiteElo "1789"]
[BlackElo "1943"]
[WhiteClock "0:00:43"]
[BlackClock "0:00:09"]
[Variant "Standard"]
[EndDate "2026.07.19"]
[EndTime "14:19:59"]

1. d4 Nf6 2. Bg5 d5 3. e3 Bf5 4. Bxf6 exf6 5. Bd3 Bxd3 6. Qxd3 c6 7. Ne2 Bd6 8. O-O O-O 9. Nd2 Re8 10. c4 Nd7 11. cxd5 cxd5 12. Rac1 g6 13. a3 f5 14. Rc2 Rc8 15. Rxc8 Qxc8 16. Rc1 Qb8 17. Qb5 Nf6 18. Nb3 Bxh2+ 19. Kf1 Bd6 20. Nc5 Bxc5 21. Rxc5 Re6 22. Nf4 Rb6 23. Qe2 Qd6 24. b4 Ra6 25. Qa2 Rc6 26. Nxd5 Nxd5 27. Qxd5 Qxd5 28. Rxd5 Rc3 29. Ra5 a6 30. a4 Rb3 31. b5 axb5 32. Rxb5 Rxb5 33. axb5 Kf8 34. Ke2 Ke7 35. Kd3 Kd6 36. Kc4 g5 37. f3 h5 38. e4 fxe4 39. fxe4 f6 40. e5+ fxe5 41. dxe5+ Kxe5 42. Kc5 h4 43. Kb6 g4 44. Kxb7 h3 45. gxh3 gxh3 46. b6 h2 47. Kc8 h1=Q 48. b7 Qc6+ 49. Kb8 Kd6 50. Ka8 Qa6+ 51. Kb8 Kc6 52. Kc8 Qxb7+ 0-1

[Event "2026 Biel Blitz Open"]
[Site "Biel, CH"]
[Date "2026.07.19"]
[Round "8"]
[White "Pinelli, Gian"]
[Black "Wilhelm, Serge"]
[Result "1-0"]
[Board "42"]
[TimeControl "180+2"]
[WhiteFideId "1348710"]
[BlackFideId "1305808"]
[WhiteElo "1751"]
[BlackElo "1923"]
[WhiteClock "0:03:02"]
[BlackClock "0:00:31"]
[Variant "Standard"]
[EndDate "2026.07.19"]
[EndTime "14:22:48"]

1. d4 Nf6 2. c4 e6 3. Nc3 Bb4 4. Qc2 c5 5. dxc5 Bxc5 6. Nf3 O-O 7. a3 a5 8. Bg5 Nc6 9. e3 Be7 10. Bd3 h6 11. Bf4 d5 12. cxd5 Nxd5 13. Nxd5 Qxd5 14. O-O e5 15. Bg3 Bg4 16. Be4 Qe6 17. Bxc6 bxc6 18. Nxe5 Bf5 19. e4 Bh7 20. Qxc6 Qb3 21. Rab1 Rac8 22. Qd7 Bf6 23. f3 Qb6+ 24. Kh1 Rcd8 25. Qc6 Qb3 26. Nd7 Rfe8 27. Nxf6+ gxf6 28. Qxf6 Re6 29. Qc3 Qb7 30. Rfd1 Rc8 31. Qxa5 Rec6 32. Rd8+ Rxd8 33. Qxd8+ Kg7 34. Qd4+ Kg8 35. Be5 Qc8 36. Rd1 Rc1 37. Qd2 Rxd1+ 38. Qxd1 Bg6 39. h3 Qe6 40. Qd8+ Kh7 41. Qh8# 1-0

[Event "2026 Biel Blitz Open"]
[Site "Biel, CH"]
[Date "2026.07.19"]
[Round "8"]
[White "Amsellem, Daniel"]
[Black "Stevens, Christian"]
[Result "0-1"]
[Board "43"]
[TimeControl "180+2"]
[WhiteFideId "1363522"]
[BlackFideId "649090"]
[WhiteElo "1723"]
[BlackElo "1912"]
[WhiteClock "0:00:17"]
[BlackClock "0:00:28"]
[Variant "Standard"]
[EndDate "2026.07.19"]
[EndTime "14:27:40"]

1. c4 Nf6 2. Nf3 g6 3. Nc3 Bg7 4. e4 d6 5. d4 O-O 6. Be2 e5 7. dxe5 dxe5 8. Qxd8 Rxd8 9. Bg5 Re8 10. Nd5 Nxd5 11. cxd5 c6 12. Bc4 b5 13. Bb3 a5 14. a4 Bd7 15. dxc6 Bxc6 16. Bd5 Bxd5 17. exd5 e4 18. Nd2 Bxb2 19. Rb1 Bc3 20. Rxb5 Nd7 21. Ke2 f6 22. Be3 Rad8 23. Rc1 Bb4 24. Rc7 Nf8 25. Nc4 Rd7 26. Rxd7 Nxd7 27. Nxa5 Bxa5 28. Rxa5 Ne5 29. d6 Nc4 30. Rd5 Rd8 31. d7 Kf7 32. Rd4 Nb6 33. Rxe4 Nxd7 34. Rd4 Ke6 35. f3 Ra8 36. Rb4 h5 37. Kd3 Ne5+ 38. Ke4 f5+ 39. Kf4 Nd3+ 40. Kg5 Nxb4 41. Kxg6 Rxa4 42. Kxh5 Nd5 43. Bg5 Kf7 44. h4 Nf6+ 45. Kh6 f4 46. h5 Nd5 47. Kh7 Ne3 48. h6 Nxg2 49. Kh8 Ne1 50. h7 Nxf3 51. Bxf4 Ra8+ 0-1

[Event "2026 Biel Blitz Open"]
[Site "Biel, CH"]
[Date "2026.07.19"]
[Round "8"]
[White "Aryan Goyal"]
[Black "Aryan Mehta"]
[Result "1/2-1/2"]
[Board "47"]
[TimeControl "180+2"]
[WhiteFideId "366108825"]
[BlackFideId "33329664"]
[WhiteElo "1748"]
[BlackElo "2061"]
[WhiteClock "0:00:10"]
[BlackClock "0:00:05"]
[Variant "Standard"]
[EndDate "2026.07.19"]
[EndTime "14:20:31"]

1. e4 e5 2. Nf3 Nc6 3. Bb5 a6 4. Ba4 Nf6 5. O-O Nxe4 6. d4 b5 7. Bb3 d5 8. dxe5 Be6 9. Qe2 Bc5 10. Nbd2 Bf5 11. c3 O-O 12. Nxe4 Bxe4 13. Bf4 Na5 14. Bc2 Bxc2 15. Qxc2 Nc4 16. b3 Nb6 17. Rfd1 h6 18. Nd4 Bxd4 19. cxd4 Rc8 20. Qc6 Qd7 21. Rac1 Qf5 22. Bg3 h5 23. h3 Rfe8 24. a4 bxa4 25. bxa4 Red8 26. a5 Nc4 27. Qxa6 Ra8 28. Qc6 Rxa5 29. Qxc7 Rda8 30. Qb7 Qg5 31. h4 Qg4 32. Rd3 Qe4 33. Rf3 R5a7 34. Qb5 Ra5 35. Qb7 R5a7 36. Qb5 Ra5 37. Qd7 R5a7 38. Qf5 Qxd4 39. e6 f6 40. Qxh5 Qd2 41. Bf4 Qd4 42. Qg6 Nd2 43. Bxd2 Qxd2 44. Rf1 Qe2 45. h5 Qxe6 46. h6 Qf7 47. Qg4 Ra4 48. Qg3 Kf8 49. Qd6+ Kg8 50. Qg3 Kh8 51. Re1 Ra1 52. Rxa1 Rxa1+ 53. Kh2 Qh5+ 54. Qh3 Qxh3+ 55. Rxh3 g5 56. Rd3 Ra5 57. Kg3 Kh7 58. Kg4 Kxh6 59. Kf5 Kg7 60. Rd2 Rb5 61. Ke6 d4 1/2-1/2